 Dungeon Crawl Stone Soup version 0.17.1-3-g152610e (webtiles) character file.

676 inmateoo the Sneak (level 7, 0/32 HPs)
             Began as a Felid Summoner on Apr 12, 2016.
             Was a Priest of Nemelex Xobeh.
             Slain by a hellwing (7 damage)
             ... summoned by miscasting Summon Ice Beast
             ... while paralysed by Erolcha
             ... on level 8 of the Dungeon.
             The game lasted 00:36:13 (10587 turns).

inmateoo the Sneak (Felid Summoner)                Turns: 10587, Time: 00:36:13

Health: 0/32       AC:  2    Str:  5      XL:     7   Next: 33%
Magic:  19/23      EV:  4    Int: 20 (21) God:    Nemelex Xobeh [***...]
Gold:   396        SH:  0    Dex: 16      Spells: 4 memorised, 4 levels left
                                        Lives:  0   Deaths: 2

rFire  . . .     SeeInvis +       - Unarmed
rCold  . . .     Clarity  .     (armour unavailable)
rNeg   . . .     SustAt   .     (shield unavailable)
rPois  .         Gourm    .     (helmet unavailable)
rElec  .         Spirit   .     (cloak unavailable)
rCorr  +         Warding  .     (gloves unavailable)
rMut   .         Stasis   .     (boots unavailable)
MR     +....                    l - amulet of resist corrosion
Stlth  ++++......               n - ring of magical power
                                G - +3 ring of intelligence

@: paralysed, very slightly contaminated, repel missiles, quick, somewhat
resistant to hostile enchantments, stealthy
A: no armour, no weapons or thrown items, claws 1, fangs 3, see invisible,
carnivore 3, deterioration 1, speed 1, screaming 1, shaggy fur 2, slow
metabolism 1, MP-powered wands, sharp paws
a: Triple Draw, Renounce Religion


You were on level 8 of the Dungeon.
You worshipped Nemelex Xobeh.
Nemelex Xobeh was most pleased with you.
You were not hungry.

You visited 1 branch of the dungeon, and saw 8 of its levels.
You also visited: Sewer and Ossuary.

You collected 480 gold pieces.
You spent 84 gold pieces at shops.

Inventory:

Jewellery
 l - an amulet of resist corrosion (around neck)
 m - a +3 ring of dexterity
 n - a ring of magical power (right paw)
 A - a +2 ring of protection
 F - an uncursed ring of fire
 G - a +3 ring of intelligence (left paw)
Wands
 q - a wand of random effects (48)
 D - a wand of invisibility (3)
 I - a wand of cold (2)
Scrolls
 h - 2 scrolls of noise
 r - 2 scrolls of fear
 s - 2 scrolls of magic mapping
 u - a scroll of vulnerability
 w - a scroll of recharging
 E - 2 scrolls of remove curse
Potions
 c - 2 potions of might
 d - a potion of magic
 f - 5 potions of curing
 i - a potion of lignification
 v - a potion of berserk rage
 x - 2 potions of heal wounds
 z - 2 potions of haste
 C - a potion of agility
 M - a potion of flight
Books
 a - a book of Callings

   Spells                             Type                      Level
   a - Summon Small Mammal            Summoning                    1
   b - Call Imp                       Summoning                    2
   c - Call Canine Familiar           Summoning                    3
   d - Summon Guardian Golem          Hexes/Summoning              3
   e - Summon Lightning Spire         Summoning/Air                4
   f - Summon Ice Beast               Ice/Summoning                4
 g - a book of Minor Magic

   Spells                             Type                      Level
   a - Magic Dart                     Conjuration                  1
   b - Blink                          Translocation                2
   c - Call Imp                       Summoning                    2
   d - Repel Missiles                 Charms/Air                   2
   e - Slow                           Hexes                        2
   f - Conjure Flame                  Conjuration/Fire             3
   g - Mephitic Cloud                 Conjuration/Poison/Air       3
Miscellaneous
 e - a plain deck of summoning {drawn: 1}
 k - a plain deck of war
 t - a plain deck of war
 y - a plain deck of escape
 B - a plain deck of war {drawn: 4}
Comestibles
 b - 5 meat rations
 j - 8 slices of pizza
 o - 3 beef jerkies
 p - a royal jelly


   Skills:
 + Level 4.0 Fighting
 + Level 6.2 Dodging
 + Level 6.6 Stealth
 + Level 3.2 Unarmed Combat
 + Level 4.5 Spellcasting
 + Level 5.8 Summonings
 + Level 2.6 Ice Magic
 + Level 3.5 Evocations


You had 4 spell levels left.
You knew the following spells:

 Your Spells              Type           Power        Failure   Level  Hunger
b - Call Imp              Summ           ####....     1%          2    #......
c - Call Canine Familiar  Summ           ####....     4%          3    ##.....
d - Repel Missiles        Chrm/Air       #.....       21%         2    #......
e - Summon Ice Beast      Ice/Summ       ###.....     24%         4    ####...


Dungeon Overview and Level Annotations

Branches:
Dungeon (8/15)             Temple (0/1) D:5
   Lair: D:8-11

Altars:
Ashenzari
Fedhas
Gozag
Nemelex Xobeh
Okawaru
Ru
Trog
Xom

Shops:
D:4 [   D:6 %   D:8 *

Annotations:
D:7 barb4r1an's ghost, novice MiFi
D:8 Erolcha; Joseph


Innate Abilities, Weirdness & Mutations

You cannot wear armour.
You are incapable of wielding weapons or throwing items.
You have sharp claws.
You have razor-sharp teeth.
You have supernaturally acute eyesight.
You are carnivorous and can eat meat at any time.
You cover ground quickly.
You are covered in thick fur (AC +2).
You have a slow metabolism.
Your sharp claws are effective at attacking unaware monsters.
Your body sometimes deteriorates upon taking damage.
You occasionally shout uncontrollably at your foes.
You expend magic power (3 MP) to strengthen your wands.


Message History

A rock wall.
Unknown command.
Erolcha screams, "Lunch!"
Erolcha gestures at you while chanting.
You suddenly lose the ability to move!
Your hound bites Erolcha.
Erolcha completely misses your hound.
Your hound barely misses Erolcha.
The hellwing barely misses you.
The hellwing hits you but does no damage.
Your hound bites Erolcha.
Erolcha casts a spell at you. The puff of flame hits you!
The hellwing hits you.
The hellwing hits you but does no damage.
Your hound bites Erolcha but does no damage.
Your hound bites Erolcha.
The hellwing hits you.
* * * LOW HITPOINT WARNING * * *
The hellwing hits you.
* * * LOW HITPOINT WARNING * * *
Your hound bites Erolcha.
The hellwing hits you!
You die...
Your body disappears without a glow.

###############
#.............########
#.............#.......
#............4@.......
#...........O.#.......
#.........h...#####.##
#.............#
#####....######
#.##.######.# ##
#............ ..
#.##.######.# # #.##.#


You could see Erolcha (invisible), a hellwing and a friendly hound.

Vanquished Creatures
  A giant frog (D:7)
  A wight (D:7)
  A jelly (D:7)
  2 orc wizards
  A hound (D:6)
  A hound zombie (D:5)
  An adder (D:7)
  A shadow imp (D:7)
  2 adder skeletons
  4 giant geckos
  8 orcs
  5 bats
  4 giant cockroaches
  4 goblins
  5 quokkas
  6 ball pythons
  5 giant newts
  A hobgoblin zombie (Ossuary)
  3 jackals
  A jackal skeleton (D:4)
  A jackal zombie (D:7)
  4 kobolds
  3 kobold zombies (Ossuary)
  5 rats
70 creatures vanquished.

Vanquished Creatures (collateral kills)
  The ghost of Sl000nik the Blocker, a novice GrFi (D:8)
  A human (D:7)
  A hungry ghost (D:7)
  Menkaure (D:5)
  2 hippogriffs
  A water moccasin (D:7)
  2 orc warriors
  A phantom (D:7)
  A big kobold (D:7)
  6 giant frogs
  4 wights (D:7)
  A giant frog skeleton (D:4)
  A giant frog zombie (D:6)
  A quasit (D:7)
  3 human zombies (Ossuary)
  Ijyb (D:3)
  3 worker ants
  3 iguanas
  2 orc priests (D:6)
  A killer bee zombie (D:6)
  4 sheep (D:7)
  4 big kobold zombies (Ossuary)
  2 mummies (Ossuary)
  A worker ant zombie (D:5)
  9 adders
  3 shadow imps
  3 worms
  3 giant geckos
  10 orcs
  4 bats
  7 giant cockroaches
  10 hobgoblins
  8 jackals
  A quokka (D:2)
  2 ball pythons
  A giant gecko skeleton (D:4)
  4 giant newts (Sewer)
  11 goblins
  A goblin zombie (Ossuary)
  8 hobgoblin zombies (Ossuary)
  2 jackal zombies (Ossuary)
  4 kobolds
  5 kobold zombies (Ossuary)
  8 orc zombies (Ossuary)
  4 rats
  2 rat zombies (Ossuary)
158 creatures vanquished.

Grand Total: 228 creatures vanquished

Notes
Turn   | Place    | Note
--------------------------------------------------------------
     0 | D:1      | inmateoo the Felid Summoner began the quest for the Orb.
     0 | D:1      | Reached XP level 1. HP: 7/7 MP: 4/4
   927 | D:1      | Reached XP level 2. HP: 12/12 MP: 3/6
   931 | D:1      | Learned a level 2 spell: Call Imp
  1568 | D:2      | Found a bloodstained altar of Trog.
  1571 | D:2      | Found a sacrificial altar of Ru.
  1573 | D:2      | Found a shattered altar of Ashenzari.
  2133 | D:2      | Reached XP level 3. HP: 15/15 MP: 4/7
  2138 | D:2      | Learned a level 3 spell: Call Canine Familiar
  2537 | D:2      | Reached skill level 1 in Fighting
  2747 | D:3      | Noticed a giant frog
  2757 | D:3      | Killed a giant frog
  2757 | D:3      | Reached XP level 4. HP: 19/19 MP: 8/8
  2924 | D:3      | Gained mutation: You occasionally shout uncontrollably at your foes. [potion of mutation]
  2924 | D:3      | Gained mutation: You expend magic power (3 MP) to strengthen your wands. [potion of mutation]
  2924 | D:3      | Gained mutation: Your body sometimes deteriorates upon taking damage. [potion of mutation]
  3168 | D:3      | Found a glowing drain.
  3177 | Sewer    | Entered a sewer
  3320 | Sewer    | Noticed a giant frog
  3327 | Sewer    | Reached skill level 1 in Unarmed Combat
  3329 | Sewer    | Killed a giant frog
  3329 | Sewer    | Reached XP level 5. HP: 19/22 MP: 6/10
  3457 | Sewer    | Noticed a giant frog
  3464 | Sewer    | Killed a giant frog
  3502 | Sewer    | Learned a level 2 spell: Repel Missiles
  3751 | D:3      | Noticed Ijyb
  3760 | D:3      | Killed Ijyb
  3979 | D:4      | Found a sparkling altar of Nemelex Xobeh.
  3989 | D:4      | Became a worshipper of Nemelex Xobeh the Trickster
  4009 | D:4      | Received a gift from Nemelex Xobeh
  4118 | D:4      | Received a gift from Nemelex Xobeh
  4252 | D:4      | Found a sand-covered staircase.
  4261 | Ossuary  | Entered an ossuary
  4350 | Ossuary  | Reached * piety under Nemelex Xobeh
  4491 | Ossuary  | Gained mutation: You are covered in thick fur (AC +2). [Felid growth]
  4491 | Ossuary  | Reached XP level 6. HP: 26/26 MP: 1/11
  4866 | D:4      | Found Ufiulonk's Armour Shop.
  5009 | D:4      | Reached skill level 5 in Stealth
  5317 | D:5      | Entered Level 5 of the Dungeon
  5605 | D:5      | Found a shimmering altar of Xom.
  5758 | D:5      | Found a staircase to the Ecumenical Temple.
  5912 | D:5      | Found a blossoming altar of Fedhas.
  5937 | D:5      | Noticed Menkaure
  5952 | D:5      | Killed Menkaure
  5952 | D:5      | Reached skill level 1 in Evocations
  6089 | D:5      | Received a gift from Nemelex Xobeh
  6241 | D:6      | Reached ** piety under Nemelex Xobeh
  6245 | D:6      | Found an opulent altar of Gozag.
  6339 | D:6      | Reached skill level 5 in Summonings
  6339 | D:6      | Reached XP level 7. HP: 30/30 MP: 13/13
  6353 | D:6      | Learned a level 4 spell: Summon Ice Beast
  6478 | D:6      | Received a gift from Nemelex Xobeh
  6733 | D:6      | Noticed a hippogriff
  6750 | D:6      | Killed a hippogriff
  6818 | D:6      | Received a gift from Nemelex Xobeh
  6977 | D:6      | Reached skill level 5 in Dodging
  7034 | D:6      | Found Lopuwaan's Food Boutique.
  7256 | D:7      | Reached skill level 1 in Ice Magic
  7334 | D:7      | Noticed barb4r1an's ghost (novice MiFi)
  7646 | D:7      | Reached skill level 6 in Stealth
  7825 | D:7      | Noticed a human
  7850 | D:7      | Found an iron altar of Okawaru.
  7910 | D:7      | HP: 1/31 [orc wizard/dagger (4)]
  7911 | D:7      | Killed from afar by an orc wizard
  7912 | D:7      | Reached XP level 6. HP: -5/28 MP: 10/21
  8265 | D:8      | Reached XP level 7. HP: 25/31 MP: 13/13
  8349 | D:8      | Noticed Sl000nik's ghost (novice GrFi)
  9137 | D:7      | You fall through a shaft!
  9137 | D:8      | Found Plog's General Store.
  9145 | D:8      | Bought a potion of flight for 39 gold pieces
  9145 | D:8      | Bought a scroll of fear for 45 gold pieces
  9171 | D:7      | Reached *** piety under Nemelex Xobeh
  9884 | D:7      | Killed a human
  9884 | D:7      | Reached XP level 8. HP: 36/36 MP: 8/15
 10376 | D:8      | Noticed Joseph
 10425 | D:8      | Killed Sl000nik's ghost
 10449 | D:8      | Shot with a sling bullet by Joseph
 10450 | D:8      | Reached XP level 7. HP: 0/32 MP: 4/23
 10578 | D:8      | Noticed Erolcha
 10578 | D:8      | Noticed a hellwing
 10581 | D:8      | Paralysed by Erolcha for 6 turns
 10587 | D:8      | Slain by a hellwing

Action                   |  1- 3 |  4- 6 |  7- 9 || total
-------------------------+-------+-------+-------++-------
Melee: Unarmed           |    68 |    84 |    78 ||   230
 Cast: Summon Small Mamm |    21 |       |       ||    21
       Call Imp          |    14 |    73 |    47 ||   134
       Call Canine Famil |     5 |    29 |    22 ||    56
       Repel Missiles    |       |     2 |     1 ||     3
       Summon Ice Beast  |       |     6 |    19 ||    25
Evoke: Deck              |       |     1 |    11 ||    12
  Use: Scroll            |       |    13 |    12 ||    25
       Potion            |       |     1 |       ||     1
 Stab: Sleeping          |     9 |    13 |     4 ||    26
       Distracted        |     1 |       |     1 ||     2
  Eat: Chunk             |    12 |    15 |    15 ||    42
